Map: King Sejong Station LE

Players

Rail

  • Race: Protoss Protoss
  • League: Grandmaster

LiquidTLO (TLO) - Winner!

  • Race: Zerg Zerg
  • League: Grandmaster

VOD

Have the link to the VOD?

Description

Time

  • Played on: July 3, 2016, 2:21 p.m.
  • Length: 12:07
Show
View Real Time Build Order
Export as new Build Order

Rail Protoss 

Build Orders: 1 Gate Expand 

Get SALT Encoding   

  12  0:01  Probe (Chrono Boost)  
  13  0:11  Probe (Chrono Boost)  
  14  0:17  Pylon  
  14  0:22  Probe (Chrono Boost)  
  16  0:35  Probe (Chrono Boost)  
  16  0:37  Gateway  
  16  0:42  Assimilator  
  16  0:46  Probe (Chrono Boost)  
  17  0:57  Probe (Chrono Boost)  
  18  1:07  Probe (Chrono Boost)  
  19  1:19  Nexus  
  19  1:27  Cybernetics Core  
  19  1:31  Probe (Chrono Boost)  
  20  1:36  Assimilator  
  20  1:42  Probe (Chrono Boost)  
  21  1:49  Pylon  
  21  1:52  Probe (Chrono Boost)  
  22  2:03  Probe (Chrono Boost)  
  22  2:04  Warp Gate  
  22  2:07  Adept  
  25  2:13  Probe (Chrono Boost)  
  26  2:24  Mothership Core (Chrono Boost)  
  28  2:30  Gateway  
  28  2:32  Probe (Chrono Boost)  
  28  2:34  Stalker  
  31  2:42  Probe x2 (Chrono Boost)  
  33  2:53  Robotics Facility  
  33  2:54  Probe (Chrono Boost)  
  33  2:56  Probe (Chrono Boost)  
  35  3:04  Probe (Chrono Boost)  
  38  3:05  Sentry  
  38  3:08  Pylon  
  38  3:09  Probe (Chrono Boost)  
  39  3:17  Gateway  
  39  3:18  Probe (Chrono Boost)  
  40  3:21  Probe (Chrono Boost)  
  41  3:29  Probe (Chrono Boost)  
  41  3:31  Probe (Chrono Boost)  
  43  3:39  Probe (Chrono Boost)  
  43  3:40  Twilight Council  
  44  3:42  Adept, Probe (Chrono Boost)  
  47  3:48  Pylon  
  47  3:56  Probe (Chrono Boost)  
  48  4:05  Probe (Chrono Boost)  
  47  4:10  Adept  
  47  4:13  Adept  
  52  4:24  Probe (Chrono Boost)  
  52  4:25  Stalker  
  52  4:26  Probe (Chrono Boost)  
  52  4:27  Warp Prism  
  52  4:30  Pylon  
  57  4:32  Assimilator  
  57  4:33  Assimilator  
  57  4:35  Probe (Chrono Boost)  
  57  4:38  Probe (Chrono Boost)  
  59  4:44  Pylon  
  59  4:45  Blink (Chrono Boost)  
  59  4:46  Probe (Chrono Boost)  
  59  4:49  Probe (Chrono Boost)  
  61  4:56  Pylon  
  61  4:57  Probe (Chrono Boost)  
  62  5:02  Sentry  
  62  5:05  Pylon  
  62  5:06  Probe (Chrono Boost)  
  64  5:13  Observer  
  64  5:14  Gateway x2  
  66  5:15  Gateway  
  66  5:19  Gateway  
  66  5:25  Stalker  
  66  5:27  Gateway  
  68  5:28  Stalker  
  68  5:45  Stalker  
  68  5:48  Pylon  
  70  5:51  Stalker  
  70  5:52  Stalker  
  74  5:59  Pylon  
  74  6:13  Adept, Stalker x2  
  74  6:14  Stalker  
  74  6:16  Nexus  
  74  6:18  Pylon  
  82  6:22  Stalker  
  84  6:29  Stalker  
  84  6:31  Stalker  
  88  6:52  Sentry, Stalker x2  
  88  6:53  Stalker x3  
  100  6:55  Stalker  
  100  7:00  Pylon  
  102  7:02  Pylon  
  100  7:15  Stalker x2  
  100  7:16  Stalker x4  
  102  7:42  Sentry, Stalker x2  
  102  7:43  Stalker x3  
  112  7:44  Stalker  
  112  7:47  Adept  
  116  7:52  Pylon  
  116  7:53  Pylon  
  116  8:18  Stalker  
  116  8:19  Stalker x4  
  124  8:23  Stalker  
  126  8:37  Stalker x2, Mothership Core  
  126  8:39  Pylon  
  84  9:10  Stalker  
  84  9:11  Stalker  
  70  9:20  Assimilator  
  60  11:16  Assimilator  
  59  11:41  Assimilator  
Show
View Real Time Build Order
Export as new Build Order

LiquidTLO Zerg - Winner!

Build Orders: Hatch First 

Get SALT Encoding   

  12  0:01  Drone  
  13  0:12  Overlord  
  13  0:16  Drone  
  14  0:30  Drone  
  14  0:31  Drone  
  16  0:49  Hatchery  
  15  0:52  Drone  
  17  1:04  Drone  
  17  1:05  Extractor  
  17  1:06  Drone  
  17  1:14  Spawning Pool  
  16  1:18  Drone  
  16  1:22  Drone  
  18  1:28  Drone  
  19  1:39  Overlord  
  19  1:56  Drone  
  20  2:01  Zergling x2, Queen  
  20  2:02  Queen  
  20  2:05  Metabolic Boost  
  25  2:09  Drone  
  25  2:14  Evolution Chamber  
  25  2:17  Drone  
  25  2:21  Drone  
  27  2:25  Zergling x2  
  27  2:27  Zergling x2  
  29  2:33  Zergling x2  
  30  2:42  Zerg Melee Weapons Level 1  
  30  2:45  Zergling x6  
  33  2:54  Zergling x2  
  34  2:59  Overlord  
  34  3:04  Drone  
  35  3:05  Drone  
  36  3:18  Hatchery  
  35  3:23  Drone  
  35  3:24  Drone  
  35  3:27  Drone x2  
  39  3:31  Drone  
  39  3:32  Drone  
  41  3:35  Drone  
  42  3:42  Zergling x2  
  42  3:43  Drone  
  42  3:48  Overlord  
  44  3:51  Overlord  
  43  3:57  Lair  
  43  4:00  Drone  
  43  4:03  Drone  
  43  4:07  Drone  
  43  4:08  Overlord, Extractor  
  42  4:14  Drone  
  41  4:18  Drone  
  41  4:19  Drone  
  42  4:25  Drone  
  42  4:26  Drone  
  42  4:28  Zergling x2  
  42  4:29  Extractor, Drone x3  
  47  4:33  Drone  
  47  4:35  Extractor, Drone  
  47  4:37  Queen  
  49  4:40  Drone  
  49  4:42  Spore Crawler  
  49  4:46  Drone x2  
  49  4:49  Drone  
  49  4:50  Drone  
  53  4:56  Spire  
  53  4:57  Drone  
  53  4:59  Drone  
  54  5:02  Drone x2  
  54  5:04  Zergling x2  
  57  5:07  Drone  
  57  5:08  Drone  
  57  5:10  Drone  
  57  5:11  Zergling x2  
  57  5:12  Zergling x2  
  62  5:15  Overseer  
  62  5:16  Zergling x2  
  62  5:18  Zergling x2  
  64  5:22  Zergling x2  
  64  5:23  Zergling x2  
  64  5:26  Zergling x2  
  67  5:32  Zergling x2  
  67  5:34  Zergling x2  
  67  5:35  Zergling x4  
  71  5:38  Drone  
  71  5:40  Drone  
  70  5:43  Drone  
  70  5:46  Drone  
  70  5:47  Extractor, Drone  
  70  5:49  Extractor  
  71  5:57  Drone  
  71  5:58  Drone  
  72  6:10  Mutalisk  
  74  6:11  Overlord  
  74  6:12  Overlord x2  
  74  6:14  Zerg Flyer Weapons Level 1  
  74  6:17  Overlord  
  74  6:20  Overlord  
  74  6:23  Overlord  
  74  6:25  Overlord  
  74  6:32  Mutalisk  
  74  6:33  Mutalisk x8  
  74  6:36  Mutalisk  
  94  6:41  Mutalisk  
  94  6:42  Zergling x4  
  94  6:45  Zergling x2  
  99  6:48  Mutalisk  
  99  6:51  Mutalisk  
  99  6:53  Zergling x4  
  99  6:54  Zergling x2  
  106  7:00  Zergling x2  
  106  7:01  Zergling x2, Spine Crawler  
  107  7:04  Zergling x4, Spine Crawler  
  107  7:05  Zergling x2  
  109  7:09  Zergling x2  
  109  7:10  Zergling x4  
  109  7:12  Zergling x2  
  109  7:13  Zergling x2  
  109  7:14  Zergling x2  
  113  7:17  Mutalisk  
  113  7:19  Mutalisk  
  117  7:26  Mutalisk  
  117  7:27  Zergling x4  
  117  7:28  Mutalisk  
  117  7:35  Overlord  
  110  7:41  Mutalisk  
  110  7:43  Overlord  
  108  7:45  Mutalisk x2  
  108  7:46  Zergling x2  
  108  7:51  Overlord x2  
  113  7:59  Zerg Melee Weapons Level 2  
  113  8:04  Mutalisk  
  115  8:06  Spine Crawler x2  
  111  8:15  Mutalisk  
  111  8:16  Mutalisk x3  
  111  8:17  Zergling x2  
  116  8:21  Zergling x2  
  108  8:54  Hatchery  
  98  9:28  Hatchery  
  96  9:33  Overlord  
  96  9:57  Extractor  
  59  11:01  Drone  
  53  11:16  Hatchery  
Tags
 
Add a new tag
Caveats
  • Supply blocks, unpowered buildings, or Contaminate may cause inaccurate times.
  • Supply counts are checked every 10 seconds.